 Dungeon Crawl Stone Soup version 0.28-a0-8-g6e044cfa68 (webtiles) character file.

Game seed: 2955811902818659891

179 ezpacito the Distorting Demonspawn (level 5, 0/52 (61) HPs)
             Began as a Demonspawn Abyssal Knight on July 24, 2021.
             Was a Believer of Lugonu.
             Slain by Duvessa (8 damage)
             ... on level 4 of the Dungeon.
             The game lasted 00:04:25 (3758 turns).

ezpacito the Distorting Demonspawn (DsAK)           Turns: 3758, Time: 00:04:26

HP:   0/52 (61)     AC: 22    Str: 13    XL:     5   Next: 33%
MP:   7/7           EV:  2    Int: 13    God:    Lugonu [**....]
Gold: 167           SH:  0    Dex: 13    Spells: 6/6 levels left

rFire   . . .      SeeInvis .   y - +2 hand axe (vorpal)
rCold   . . .      Faith    .   (no shield)
rNeg    + + +      Spirit   .   (armour currently unavailable)
rPois   +          Reflect  .   (helmet currently unavailable)
rElec   .          Harm     .   (cloak currently unavailable)
rCorr   .          Rampage  .   (gloves currently unavailable)
Will    +....      NoTele   +   (boots currently unavailable)
Stlth   +.........              v - amulet of regeneration
HPRegen 1.17/turn               x - ring of willpower
MPRegen 0.10/turn               (no ring)

@: brilliant, tree-form, very slightly contaminated, hasted, heavily drained,
invisible (expiring), very quick
A: stationary, stasis, torment immunity, boosted hp, demonic guardian 1, (large
bone plates 1), no potion heal 1
a: Renounce Religion, Depart the Abyss, Bend Space


You were on level 4 of the Dungeon.
You worshipped Lugonu.
Lugonu was pleased with you.
You were a tree.
You visited 1 branch of the dungeon, and saw 4 of its levels.
You visited the Abyss 1 time.

You collected 167 gold pieces.

Inventory:

Hand Weapons
 a - a +1 hand axe of protection
 c - a +2 quarterstaff of chaos
 y - a +2 vorpal hand axe (weapon)
Missiles
 d - 74 stones
Armour
 l - a +0 pair of boots
 o - the +3 pair of seven-league boots (melded) {Rampage+∞}
   (You acquired it on level 3 of the Dungeon)

   Its wearer moves as far as possible in that direction when moving towards
   enemies.
 p - a +0 chain mail (melded)
 u - a +1 cloak of stealth (melded)
Jewellery
 g - a ring of fire
 v - an amulet of regeneration (around neck)
 x - a ring of willpower (left branch)
Scrolls
 m - 2 scrolls of magic mapping
 t - a scroll of fear
Potions
 n - 4 potions of flight


   Skills:
 + Level 3.4 Fighting
 * Level 3.1 Axes
 + Level 2.3 Armour
 + Level 2.1 Dodging
 + Level 1.3 Spellcasting
 + Level 3.5 Invocations


You had 6 spell levels left.
You didn't know any spells.
Your spell library contained the following spells:

 Spells                   Type           Power      Damage    Failure   Level
 Tukima's Dance           Hex            1%         N/A       63%         3
 Passage of Golubria      Tloc           N/A        N/A       95%         4
 Yara's Violent Unravell  Hex/Tmut       0%         3d3       100%        5


Dungeon Overview and Level Annotations

Branches:
Dungeon (4/15)
 Temple: D:4-7

Altars:

Annotations:
D:4 Duvessa, Eustachio


Innate Abilities, Weirdness & Mutations

You are a tree.
Your roots penetrate the ground, keeping you stationary.
You cannot be teleported.
You are immune to unholy pain and torment.
Your maximum health is greatly increased.
Your equipment is partially melded.
A weak demonic guardian rushes to your aid.
((You are partially covered in large bone plates. (SH +4)))
Potions are less effective at restoring your health.


Message History

Your hearing returns.
Dowan hits you but does no damage. Something hits you.
* * * LOW HITPOINT WARNING * * *
Your shadow imp closely misses something.
You hit Dowan but do no damage.
Dowan is almost dead.
You closely miss something. Dowan hits you but does no damage.
Something hits you but does no damage.
Your shadow imp hits something but does no damage.
You slash Dowan!
You kill Dowan!
Lugonu accepts your kill.
Something screams in a voice full of rage, "No, no!"
You hit something. Something hits you.
* * * LOW HITPOINT WARNING * * *
You have reached level 5!
Your system partially rejects the healing.
You feel much better.
Your shadow imp hits something but does no damage.
You closely miss something. Something hits you but does no damage.
Your shadow imp hits something but does no damage.
You hit something. Something hits you.
* * * LOW HITPOINT WARNING * * *
A demonic guardian appears!
Your shadow imp barely misses something.
You miss something. Something hits you.
* * * LOW HITPOINT WARNING * * *
Your shadow imp hits something.
Unknown command.
You barely miss something. You barely miss something. Something hits you.
* * * LOW HITPOINT WARNING * * *
You closely miss something. Something hits you.
* * * LOW HITPOINT WARNING * * *
Your shadow imp closely misses something. x2
Unknown command.
You closely miss something.
You flicker for a moment.
Something hits you!
You die...

.#########
..#......#
#......^..
##.......#
#........#
......5..#
......{5.#
##....♣)#
....../)†#
###.........g...
.....#########g.
..... .... ...
...


You could see 2 friendly shadow imps.

Vanquished Creatures
  Dowan (D:4)
  Crazy Yiuf (D:2)
  Terence (D:2)
  3 adders
  A worm (D:3)
  A dart slug (D:1)
  5 orcs (D:3)
  3 ball pythons (D:2)
  4 endoplasms
  2 giant cockroaches
  2 goblins
  5 hobgoblins
  2 jackals (D:1)
  3 quokkas
  2 bats
  A frilled lizard (D:1)
  8 kobolds
  A rat (D:2)
46 creatures vanquished.

Notes
Turn   | Place    | Note
-------+----------+-------------------------------------------
     0 | Abyss:1  | ezpacito the Demonspawn Abyssal Knight began the quest for
                  | the Orb.
     0 | Abyss:1  | Reached XP level 1. HP: 18/18 MP: 2/2
    71 | Abyss:2  | Noticed a ynoxinul
    81 | Abyss:2  | Noticed a wraith
    87 | Abyss:2  | Noticed a tentacled starspawn
    90 | Abyss:2  | Noticed a small abomination
    92 | Abyss:2  | Noticed a neqoxec
    93 | D:1      | Escaped the Abyss
   380 | D:1      | Reached skill level 1 in Dodging
   717 | D:1      | Reached * piety under Lugonu
   718 | D:1      | Gained mutation: A weak demonic guardian rushes to your
                  | aid. [demonic ancestry]
   718 | D:1      | Reached XP level 2. HP: 22/24 MP: 3/3
  1023 | D:1      | Found a faded altar of an unknown god.
  1451 | D:2      | Reached XP level 3. HP: 11/29 MP: 5/5
  1662 | D:2      | Noticed Terence
  1675 | D:2      | Killed Terence
  2341 | D:2      | Found a runed translucent door.
  2342 | D:2      | Noticed Crazy Yiuf
  2397 | D:2      | Reached XP level 4. HP: 22/35 MP: 6/6
  2651 | D:2      | Killed Crazy Yiuf
  2652 | D:2      | Reached skill level 1 in Spellcasting
  3689 | D:3      | Identified a scroll of acquirement
  3689 | D:3      | Acquired the +3 pair of seven-league boots {Rampage+∞}
  3690 | D:3      | Found the +3 pair of seven-league boots {Rampage+∞}
  3713 | D:4      | Noticed Eustachio
  3730 | D:4      | Noticed Dowan
  3730 | D:4      | Noticed Duvessa
  3737 | D:4      | Gained mutation: Potions are less effective at restoring
                  | your health. [potion of mutation]
  3737 | D:4      | Gained mutation: You are partially covered in large bone
                  | plates. (SH +4) [potion of mutation]
  3739 | D:4      | Reached ** piety under Lugonu
  3750 | D:4      | Killed Dowan
  3751 | D:4      | Reached XP level 5. HP: 2/35 MP: 7/7
  3758 | D:4      | Slain by Duvessa

Illustrated notes

Levels and vault maps discovered:
D:1:      psy_arrival_basics, layout_basic, ebering_ecumenical_altar_petrified,
          chequers_serial_rivers_small_b
D:2:      layout_rooms, corexii_item_surrounded_by_moat, grunt_decor_clamped,
          minivault_26, minmay_nonomino_d4, uniq_terence,
          uniq_crazy_yiuf_cottage
D:3:      layout_basic, minmay_tree_intersection, hangedman_decor_points
D:4:      layout_rooms, serial_shops, kennysheep_little_box,
          gup_ossuary_entry_pyramid, serial_rivers,
          chequers_serial_rivers_small_a, chequers_serial_rivers_large_a,
          chequers_serial_rivers_small_b, chequers_serial_rivers_micro_b,
          dk_noncrumbling_2, uniq_eustachio, uniq_robin, uniq_duvessa

Skill      XL: |  1  2  3  4 |
---------------+-------------+-----
Dodging        | 1 2 |  2.1
Axes           | 2 3 |  3.1
Armour         | 2 |  2.3
Invocations    | 3 |  3.5
Spellcasting   | 1 |  1.3
Fighting       | |  3.4

Action                   |  1- 3 |  4- 6 || total
-------------------------+-------+-------++-------
Melee: Hand axe          |   102 |    96 ||   198
Invok: Depart the Abyss  |     1 |       ||     1
  Use: Potion            |     2 |     8 ||    10
       Scroll            |       |    10 ||    10
 Stab: Invisible         |       |     1 ||     1
Armor: Leather armour    |    33 |       ||    33
       Chain mail        |    19 |    55 ||    74
       Skin              |       |    16 ||    16
Dodge: Dodged            |    61 |    18 ||    79
Block: Other             |       |     1 ||     1

Table legend: (Time is in decaauts)
 A = Elapsed time spent in this place.
 B = Non-inter-level travel time spent in this place.
 C = Inter-level travel time spent in this place.
 D = Time resting spent in this place.
 E = Time spent auto-exploring this place.
 F = Levels seen in this place.
 G = Mean time per level.
                   A        B        C        D        E       F      G
               +--------+--------+--------+--------+--------+-----+--------+
         Total |   3789 |   3675 |    114 |   1093 |   2120 |   6 |  631.5 |
       Dungeon |   3696 |   3582 |    114 |   1093 |   2062 |   4 |  924.0 |
         Abyss |     92 |     92 |      0 |      0 |     58 |   2 |   46.0 |
               +--------+--------+--------+--------+--------+-----+--------+

Top non-repeatable levels by time:
     D:2: 1653 daAuts
     D:1: 1147 daAuts
     D:3: 852 daAuts
 Abyss:2: 81 daAuts
     D:4: 43 daAuts
 Abyss:1: 11 daAuts
